 Dungeon Crawl Stone Soup version 0.18-a0-1805-g8ab820f (webtiles) character file.

163913 ololoev the Executioner (level 17, -12/159 HPs)
             Began as a Hill Orc Fighter on Apr 25, 2016.
             Was the Champion of Okawaru.
             Mangled by a merfolk impaler
             ... wielding a +0 demon trident of electrocution
              (20 damage)
             ... on level 4 of the Depths.
             The game lasted 01:13:40 (21379 turns).

ololoev the Executioner (Hill Orc Fighter)         Turns: 21379, Time: 01:13:41

Health: -12/159    AC: 40    Str: 31    XL:     17   Next: 84%
Magic:  24/28      EV: 11    Int: 12    God:    Okawaru [******]
Gold:   1213       SH:  0    Dex:  9    Spells: 2 memorised, 13 levels left

rFire  + . .     SeeInvis +     a - +9 executioner's axe "Afusux" {drain, rPois rN++ Int+4 Dex-3}
rCold  . . .     Gourm    .     w - +0 crystal plate armour
rNeg   + + .     Faith    .     (shield currently unavailable)
rPois  +         Spirit   .     R - +1 helmet
rElec  .         Dismiss  .     h - +0 cloak {rPois}
rCorr  .         Reflect  .     M - +4 pair of gloves "Ciffatin" {Str+5}
SustAt +         Harm     .     I - +1 pair of boots
MR     ++...                    s - amulet of regeneration
Stlth  ..........               P - ring of sustain attributes
                                L - ring of see invisible

@: heroism, finesse, very resistant to hostile enchantments, extremely
unstealthy
A: thin skeletal structure 1, fire resistance 1, magic resistance 1, MP-powered
wands
a: Heroism, Finesse, Renounce Religion


Innate Abilities, Weirdness & Mutations

You have a somewhat thin skeletal structure (Dex +2, Stealth).
Your flesh is heat resistant.
You are resistant to hostile enchantments.
You expend magic power (3 MP) to strengthen your wands.

Inventory:

Hand Weapons
 a - the +9 executioner's axe "Afusux" (weapon) {drain, rPois rN++ Int+4 Dex-3}
   (Okawaru gifted it to you on level 11 of the Dungeon)

   A truly terrible weapon, it drains the life of those it strikes.
   It affects your intelligence (+4).
   It affects your dexterity (-3).
   It protects you from poison.
   It greatly protects you from negative energy.
Armour
 h - a +0 cloak of poison resistance (worn)
 w - a +0 crystal plate armour (worn)
 G - the +0 pair of gloves of Tartarus {rC+ rN+, unknown}
   (Okawaru gifted it to you on level 5 of the Depths)

   It protects you from cold.
   It protects you from negative energy.
 I - a +1 pair of boots (worn)
 M - the +4 pair of gloves "Ciffatin" (worn) {Str+5}
   (Okawaru gifted it to you on level 2 of the Depths)

   It affects your strength (+5).
 R - a +1 helmet (worn)
Jewellery
 s - an amulet of regeneration (around neck)
 L - a ring of see invisible (left hand)
 P - a ring of sustain attributes (right hand)
Wands
 y - a wand of digging (5/24)
 F - a wand of disintegration (16/24)
 S - a wand of teleportation (5/9)
Scrolls
 b - a scroll of immolation {unknown}
 c - 9 scrolls of fog
 e - 4 scrolls of recharging {unknown}
 m - 7 scrolls of teleportation
 o - 5 scrolls of remove curse
 p - 2 scrolls of silence {unknown}
 t - a scroll of blinking
 v - 3 scrolls of amnesia {unknown}
 A - 3 scrolls of fear
 B - 2 scrolls of enchant armour
 H - a scroll of enchant weapon {unknown}
 J - 4 scrolls of magic mapping {unknown}
Potions
 d - 2 potions of resistance
 g - a potion of might
 i - a potion of cancellation
 j - a potion of brilliance {unknown}
 n - a potion of curing
 q - a potion of agility
 r - a potion of haste
 u - a potion of beneficial mutation {unknown}
 z - a potion of cure mutation
 D - 2 potions of berserk rage
 K - a potion of invisibility
Comestibles
 f - 11 bread rations
 k - 3 slices of pizza
 l - 8 fruits
 x - a meat ration
 C - 4 chunks of flesh
 E - 11 beef jerkies


   Skills:
 + Level 16.5(21.5) Fighting
 * Level 23.6(27) Axes
 + Level 15.4(20.4) Armour
 + Level 6.3(11.3) Dodging
   Level 3.2(8.2) Shields
 - Level 15.0 Invocations


You had 13 spell levels left.
You knew the following spells:

 Your Spells              Type           Power        Failure   Level  Hunger
a - Apportation           Tloc           #.........   100%        1    ##.....
b - Blink                 Tloc           N/A          100%        2    ###....


You were on level 4 of the Depths.
You worshipped Okawaru.
Okawaru was exalted by your worship.
You were not hungry.

You visited 2 branches of the dungeon, and saw 20 of its levels.

You collected 1633 gold pieces.
You spent 420 gold pieces at shops.

.⌠.⌠..## ##### .....### ######.#
#...# #...# #...# #<..#
####...##########################
............._..@................
....=....>......m................
.........................!....<..
####...##########################
#...# #...# #...# #...# #...##

Notes
Turn   | Place    | Note
--------------------------------------------------------------
     0 | D:1      | ololoev the Hill Orc Fighter began the quest for the Orb.
     0 | D:1      | Reached XP level 1. HP: 19/19 MP: 1/1
   133 | D:1      | Reached skill level 3 in Axes
   227 | D:1      | Reached XP level 2. HP: 26/26 MP: 2/2
   508 | D:1      | Found an iron altar of Okawaru.
   514 | D:1      | Became a worshipper of Warmaster Okawaru
   784 | D:2      | Reached XP level 3. HP: 29/33 MP: 3/3
   790 | D:2      | Found a bloodstained altar of Trog.
   864 | D:2      | Reached skill level 1 in Invocations
  1073 | D:2      | Reached skill level 4 in Axes
  1316 | D:2      | Noticed Crazy Yiuf
  1332 | D:2      | Killed Crazy Yiuf
  1332 | D:2      | Reached XP level 4. HP: 26/40 MP: 1/5
  1475 | D:3      | Noticed a sky beast
  1479 | D:3      | Found a shadowy altar of Dithmenos.
  1491 | D:3      | Killed a sky beast
  1491 | D:3      | Reached * piety under Okawaru
  1491 | D:3      | Reached skill level 5 in Axes
  1491 | D:3      | Reached XP level 5. HP: 47/47 MP: 6/6
  1637 | D:3      | Reached XP level 6. HP: 33/53 MP: 5/8
  2496 | D:4      | Reached skill level 6 in Axes
  2555 | D:4      | Found a blossoming altar of Fedhas.
  2566 | D:4      | Noticed an oklob plant
  3002 | D:5      | Entered Level 5 of the Dungeon
  3023 | D:5      | Reached skill level 5 in Fighting
  3023 | D:5      | Reached XP level 7. HP: 61/61 MP: 9/9
  3034 | D:5      | Noticed Menkaure
  3042 | D:5      | Killed Menkaure
  3042 | D:5      | Reached ** piety under Okawaru
  3042 | D:5      | Reached skill level 5 in Armour
  3046 | D:5      | Noticed Duvessa
  3055 | D:5      | Reached skill level 7 in Axes
  3057 | D:5      | Noticed Dowan
  3061 | D:5      | Killed Duvessa
  3089 | D:5      | Killed Dowan
  3368 | D:5      | Reached XP level 8. HP: 65/70 MP: 11/11
  3384 | D:5      | Noticed Grinder
  3404 | D:5      | Killed Grinder
  3404 | D:5      | Reached skill level 8 in Axes
  3404 | D:5      | Reached skill level 5 in Invocations
  3719 | D:5      | Found a deep blue altar of Sif Muna.
  3895 | D:6      | Noticed Sigmund
  3908 | D:6      | Killed Sigmund
  3908 | D:6      | Reached skill level 9 in Axes
  4033 | D:6      | Noticed Edmund
  4043 | D:6      | Reached *** piety under Okawaru
  4046 | D:6      | Killed Edmund
  4088 | D:6      | Reached XP level 9. HP: 78/78 MP: 13/13
  4126 | D:6      | Found an ancient bone altar of Kikubaaqudgha.
  4128 | D:6      | Found a glowing silver altar of Zin.
  4128 | D:6      | Found a shattered altar of Ashenzari.
  4128 | D:6      | Found a glowing golden altar of the Shining One.
  4136 | D:6      | Found an iron altar of Okawaru.
  4136 | D:6      | Found a stormy altar of Qazlal.
  4151 | D:6      | Reached skill level 10 in Axes
  4661 | D:7      | Found a sacrificial altar of Ru.
  4757 | D:7      | Found a staircase to the Ecumenical Temple.
  4809 | D:7      | Learned a level 1 spell: Apportation
  4946 | D:8      | Reached **** piety under Okawaru
  4959 | D:8      | Noticed an orange crystal statue
  5206 | D:8      | Found a bloodstained altar of Trog.
  5215 | D:8      | Reached skill level 11 in Axes
  5259 | D:8      | Found a white marble altar of Elyvilon.
  5427 | D:8      | Found a staircase to the Lair.
  5427 | D:8      | Noticed an elephant
  5432 | D:8      | Reached XP level 10. HP: 82/88 MP: 12/15
  5446 | D:8      | Killed an elephant
  5633 | D:8      | Reached ***** piety under Okawaru
  5633 | D:8      | Reached skill level 12 in Axes
  6118 | D:9      | Found Wemus's Armour Emporium.
  6146 | D:9      | Found a staircase to the Orcish Mines.
  6179 | D:9      | Found Bymihez's Weapon Shop.
  6344 | D:9      | Found a radiant altar of Vehumet.
  6678 | D:10     | Entered Level 10 of the Dungeon
  7073 | D:10     | Noticed Joseph
  7092 | D:10     | Killed Joseph
  7098 | D:10     | Learned a level 2 spell: Blink
  7221 | D:10     | Noticed Fannar
  7231 | D:10     | Noticed an unseen horror
  7253 | D:10     | Killed an unseen horror
  7253 | D:10     | Reached skill level 13 in Axes
  7255 | D:10     | Killed Fannar
  7255 | D:10     | Reached XP level 11. HP: 8/97 MP: 10/18
  7801 | D:10     | Found Kyfo's Armour Emporium.
  7826 | D:10     | Bought a +0 cloak of poison resistance for 119 gold pieces
  7826 | D:10     | Bought a +2 pair of gloves of dexterity for 301 gold pieces
  8088 | D:10     | Noticed a hill giant
  8100 | D:10     | Killed a hill giant
  8100 | D:10     | Received a gift from Okawaru
  8510 | D:11     | Noticed a hill giant
  8524 | D:11     | Killed a hill giant
  8531 | D:11     | Gained mutation: You are agile. (Dex +2) [mutagenic meat]
  8532 | D:11     | Gained mutation: You have sharp toenails. [mutagenic meat]
  8533 | D:11     | Lost mutation: You are agile. (Dex +2) [mutagenic meat]
  8535 | D:11     | Gained mutation: You can translocate small distances at will. [mutagenic meat]
  8590 | D:11     | Noticed a hill giant
  8598 | D:11     | Killed a hill giant
  8598 | D:11     | Reached skill level 14 in Axes
  8970 | D:11     | Reached skill level 10 in Invocations
  8973 | D:11     | Noticed a sixfirhy
  9056 | D:11     | Reached skill level 10 in Fighting
  9371 | D:11     | Noticed Urug
  9393 | D:11     | Killed Urug
  9454 | D:11     | Received a gift from Okawaru
  9472 | D:11     | Got a crude executioner's axe {god gift}
  9473 | D:11     | Identified the +9 executioner's axe "Afusux" {drain, rPois rN++ Int+4 Dex-3} (Okawaru gifted it to you on level 11 of the Dungeon)
  9686 | D:11     | Noticed a hill giant
  9691 | D:11     | Killed a hill giant
  9753 | D:12     | Reached skill level 10 in Armour
  9763 | D:12     | Noticed Frances
  9967 | D:12     | Killed Frances
  9967 | D:12     | Reached skill level 15 in Axes
  9967 | D:12     | Reached XP level 12. HP: 64/108 MP: 12/20
 10332 | D:12     | Received a gift from Okawaru
 10922 | D:13     | Noticed a centaur warrior
 10932 | D:13     | Killed a centaur warrior
 11086 | D:13     | You fall through a shaft!
 11104 | D:14     | Reached skill level 16 in Axes
 11563 | D:14     | Gained mutation: You evolve. [mutagenic meat]
 11564 | D:14     | Gained mutation: Your spells are a little harder to cast, but a little more powerful. [mutagenic meat]
 11566 | D:14     | Gained mutation: You have razor-sharp toenails. [mutagenic meat]
 11567 | D:14     | Gained mutation: You have claws for feet. [mutagenic meat]
 11568 | D:14     | Gained mutation: Your spells are harder to cast, but more powerful. [mutagenic meat]
 11569 | D:14     | Gained mutation: Your flesh is heat resistant. [mutagenic meat]
 11570 | D:14     | Gained mutation: You are frail (-10% HP). [mutagenic meat]
 11686 | D:15     | Entered Level 15 of the Dungeon
 11686 | D:15     | Noticed a four-headed hydra
 11692 | D:15     | Killed an eight-headed hydra
 12128 | D:15     | Noticed a five-headed hydra
 12134 | D:15     | Killed a seven-headed hydra
 12143 | D:15     | Reached XP level 13. HP: 94/104 MP: 16/22
 12171 | D:15     | Found a staircase to the Depths.
 12171 | D:15     | Noticed a dire elephant
 12178 | D:15     | Reached skill level 17 in Axes
 12183 | D:15     | Killed a dire elephant
 12198 | D:15     | Lost mutation: You are frail (-10% HP). [evolution]
 12715 | Depths:1 | Entered Level 1 of the Depths
 12718 | Depths:1 | Noticed a stone giant
 12733 | Depths:1 | Killed a stone giant
 12910 | Depths:1 | Noticed an ice dragon
 12923 | Depths:1 | Killed an ice dragon
 12923 | Depths:1 | Received a gift from Okawaru
 12923 | Depths:1 | Reached ****** piety under Okawaru
 13032 | Depths:1 | Noticed a stone giant
 13045 | Depths:1 | Killed a stone giant
 13376 | Depths:1 | Noticed an ettin
 13382 | Depths:1 | Killed an ettin
 13385 | Depths:1 | Noticed a rakshasa
 13402 | Depths:1 | Noticed an ice dragon
 13413 | Depths:1 | Reached skill level 18 in Axes
 13415 | Depths:1 | Noticed a tentacled monstrosity
 13415 | Depths:1 | Noticed an ice dragon
 13725 | Depths:1 | Noticed a fire dragon
 13730 | Depths:1 | Killed an ice dragon
 13744 | Depths:1 | Noticed a fire dragon
 13748 | Depths:1 | Killed a fire dragon
 14112 | Depths:1 | Killed a rakshasa
 14134 | Depths:1 | Noticed a vampire knight
 14135 | Depths:1 | Reached XP level 14. HP: 86/127 MP: 18/24
 14151 | Depths:1 | Killed a vampire knight
 14314 | Depths:1 | Received a gift from Okawaru
 14388 | Depths:1 | Paralysed by a great orb of eyes for 7 turns
 14409 | Depths:1 | Found a one-way gate leading to the halls of Pandemonium.
 14424 | Depths:1 | Reached skill level 19 in Axes
 14822 | Depths:1 | Received a gift from Okawaru
 14823 | Depths:1 | Noticed a stone giant
 14838 | Depths:1 | Killed a stone giant
 15261 | Depths:1 | Found a gateway to Hell.
 15459 | Depths:1 | Noticed a shadow dragon
 15465 | Depths:1 | Killed a shadow dragon
 15511 | Depths:1 | Lost mutation: Your spells are harder to cast, but more powerful. [mutagenic meat]
 15684 | Depths:1 | Noticed a stone giant
 15693 | Depths:1 | Killed a stone giant
 16158 | Depths:1 | Found a one-way gate to the infinite horrors of the Abyss.
 16183 | Depths:1 | Gained mutation: You tend to lose your temper in combat. [mutagenic meat]
 16185 | Depths:1 | Gained mutation: You expend magic power (3 MP) to strengthen your wands. [mutagenic meat]
 16186 | Depths:1 | Lost mutation: You evolve. [mutagenic meat]
 16187 | Depths:1 | Lost mutation: You have claws for feet. [mutagenic meat]
 16188 | Depths:1 | Gained mutation: You have a somewhat thin skeletal structure (Dex +2, Stealth). [mutagenic meat]
 16189 | Depths:1 | Lost mutation: Your spells are a little harder to cast, but a little more powerful. [potion of cure mutation]
 16189 | Depths:1 | Lost mutation: You can translocate small distances at will. [potion of cure mutation]
 16189 | Depths:1 | Lost mutation: You tend to lose your temper in combat. [potion of cure mutation]
 16189 | Depths:1 | Lost mutation: You have razor-sharp toenails. [potion of cure mutation]
 16189 | Depths:1 | Lost mutation: You have sharp toenails. [potion of cure mutation]
 16299 | Depths:1 | Noticed a brown very ugly thing
 16299 | Depths:1 | Noticed a brown very ugly thing
 16303 | Depths:1 | Noticed a brown very ugly thing
 16309 | Depths:1 | Killed a brown very ugly thing
 16309 | Depths:1 | Reached XP level 15. HP: 124/137 MP: 22/25
 16313 | Depths:1 | Reached skill level 20 in Axes
 16325 | Depths:1 | Gained mutation: You are resistant to hostile enchantments. [mutagenic meat]
 16355 | Depths:1 | Received a gift from Okawaru
 16613 | Depths:2 | Noticed a fire giant
 16625 | Depths:2 | Killed a fire giant
 16639 | Depths:2 | Noticed Jorgrun
 16650 | Depths:2 | Killed Jorgrun
 16750 | Depths:2 | Reached skill level 15 in Invocations
 16830 | Depths:2 | Received a gift from Okawaru
 16831 | Depths:2 | Got a pair of encrusted gloves {god gift}
 16842 | Depths:2 | Identified the +4 pair of gloves "Ciffatin" {Str+5} (Okawaru gifted it to you on level 2 of the Depths)
 16919 | Depths:2 | Paralysed by a great orb of eyes for 2 turns
 16968 | Depths:2 | Noticed a frost giant
 16977 | Depths:2 | Killed a frost giant
 17128 | Depths:2 | Noticed a fire giant
 17140 | Depths:2 | Killed a fire giant
 17560 | Depths:2 | Reached skill level 1 in Dodging
 17643 | Depths:2 | Reached skill level 21 in Axes
 17951 | Depths:2 | Noticed a thorn hunter
 17951 | Depths:2 | Noticed a thorn hunter
 17958 | Depths:2 | Killed a thorn hunter
 17961 | Depths:2 | Killed a thorn hunter
 18250 | Depths:2 | Identified the Tome of Flames
 18254 | Depths:2 | Identified the Papyrus of the Frostbite
 18268 | Depths:2 | Reached XP level 16. HP: 113/147 MP: 27/27
 18342 | Depths:3 | Noticed Nikola
 18362 | Depths:3 | Killed Nikola
 18595 | Depths:3 | Reached skill level 15 in Fighting
 18620 | Depths:3 | Noticed a sphinx
 18633 | Depths:3 | Killed a sphinx
 18633 | Depths:3 | Received a gift from Okawaru
 18765 | Depths:3 | Noticed a sphinx
 18767 | Depths:3 | Noticed a sphinx
 18770 | Depths:3 | Paralysed by a sphinx for 7 turns
 18781 | Depths:3 | Killed a sphinx
 18781 | Depths:3 | Killed a sphinx
 18936 | Depths:3 | Noticed a greater mummy
 19154 | Depths:3 | Received a gift from Okawaru
 19186 | Depths:3 | Found a portal to a secret trove of treasure.
 19325 | Depths:3 | Reached skill level 22 in Axes
 19493 | Depths:3 | Found a gateway to a ziggurat.
 19693 | Depths:3 | Noticed a sphinx
 19699 | Depths:3 | Killed a sphinx
 19714 | Depths:3 | Received a gift from Okawaru
 19990 | Depths:3 | Noticed a greater mummy
 20002 | Depths:3 | Killed a greater mummy
 20002 | Depths:3 | Reached XP level 17. HP: 138/157 MP: 28/28
 20070 | Depths:3 | Killed a greater mummy
 20070 | Depths:3 | Reached skill level 5 in Dodging
 20426 | Depths:3 | Reached skill level 15 in Armour
 20696 | Depths:4 | Received a gift from Okawaru
 20696 | Depths:4 | Reached skill level 23 in Axes
 20717 | Depths:4 | Found a corrupted altar of Lugonu.
 20723 | Depths:4 | Found a corrupted altar of Lugonu.
 21155 | Depths:4 | Noticed a caustic shrike
 21156 | Depths:4 | Noticed a caustic shrike
 21160 | Depths:4 | Killed a caustic shrike
 21162 | Depths:4 | Killed a caustic shrike
 21349 | Depths:5 | Entered Level 5 of the Depths
 21357 | Depths:5 | Received a gift from Okawaru
 21358 | Depths:5 | Got a pair of twisted gloves {god gift}
 21363 | Depths:5 | Paralysed by a great orb of eyes for 3 turns
 21379 | Depths:4 | Mangled by a merfolk impaler

Dungeon Overview and Level Annotations

Branches:
Dungeon (15/15)            Temple (0/1) D:7            Lair (0/8) D:8
    Orc (0/2) D:9          Depths (5/5) D:15
 Vaults: D:13-14        Zot: Depths:5

Altars:
Ashenzari
Dithmenos
Elyvilon
Fedhas
Kikubaaqudgha
Okawaru
Qazlal
Ru
Sif Muna
Trog
Vehumet
Zin
The Shining One
Lugonu

Shops:
D:9 [(   D:10 [

Portals:
Hell: Depths:1 Depths:2 Depths:3 Depths:4
Abyss: Depths:1 Depths:3 Depths:4
Pandemonium: Depths:1 Depths:3
Ziggurat: Depths:3
Trove: Depths:3 (give +7 demon whip)

Annotations:
D:4 exclusion: oklob plant
D:5 exclusion: door
D:8 exclusion: orange crystal statue


Message History

The great orb of eyes bites you but does no damage.
Your lungs strain for air!
The frost giant casts a spell at you. The bolt of cold hits you!
The merfolk impaler hits you but does no damage.
The water elemental hits you. The great orb of eyes gazes at you.
You resist with almost no effort.
Your lungs strain for air!
The merfolk impaler hits you but does no damage.
The frost giant hits you but does no damage.
The water elemental hits you.
The great orb of eyes bites you but does no damage.
You can move again.
Unknown command.
Unknown command.
You chop the great orb of eyes into pieces!!!!
You kill the great orb of eyes!
Okawaru accepts your kill.
Your crystal plate armour prevents you from hitting the water elemental.
The water elemental is heavily damaged.
You slash the frost giant!
The frost giant is moderately wounded.
Your lungs strain for air!
The merfolk impaler hits you but does no damage.
Use which ability? (? or * to list)
You can now deal lightning-fast blows.
You feel somewhat more hungry.
Your lungs strain for air!
The water elemental hits you.
The frost giant hits you with a battleaxe of freezing.
The frost giant freezes you.
The merfolk impaler hits you but does no damage. x2
A flayed ghost comes into view.
You slash the frost giant!
The frost giant is heavily wounded.
You slash the water elemental!
The water elemental is severely damaged.
Your lungs strain for air!
The water elemental hits you.
A tengu warrior comes into view. It is wielding a halberd.
You slice the water elemental!!
You destroy the water elemental!
You hit the frost giant.
The frost giant is heavily wounded.
You gasp with relief as air once again reaches your lungs.
The frost giant hits you but does no damage.
The merfolk impaler hits you from afar with a demon trident of electrocution!
You open the frost giant like a pillowcase!!!
You kill the frost giant!
Okawaru accepts your kill.
You hear a shout!
Unknown command.
You slash the water elemental!
The water elemental is heavily damaged.
The merfolk impaler hits you but does no damage.
Unknown command.
You hit the water elemental.
The water elemental is heavily damaged.
You slash the water elemental!
The water elemental is severely damaged.
The water elemental closely misses you.
The merfolk impaler hits you but does no damage.
You are electrocuted!
You slice the water elemental!!
You destroy the water elemental!
The merfolk impaler hits you but does no damage.
The flayed ghost stares at you with tortured malice.
The merfolk impaler closely misses you.
There is a stone staircase leading up, spattered with blood here.
You see here a battleaxe of freezing.
The merfolk impaler hits you but does no damage.
You are electrocuted!
You climb upwards.
There is a stone staircase leading down here.
You slash the merfolk impaler! You drain the merfolk impaler!
The merfolk impaler is moderately wounded.
The merfolk impaler hits you with a demon trident of electrocution.
You are electrocuted!
You die...

You could see a merfolk impaler.

Vanquished Creatures
  2 greater mummies (Depths:3)
  2 caustic shrikes (Depths:4)
  Nikola (Depths:3)
  Jorgrun (Depths:2)
  Frances (D:12)
  4 sphinxes (Depths:3)
  A shadow dragon (shapeshifter) (Depths:1)
  A storm dragon (Depths:4)
  A tengu reaver (Depths:4)
  2 thorn hunters (Depths:2)
  An iron dragon (Depths:4)
  4 fire giants
  3 frost giants
  2 spriggan defenders (Depths:3)
  14 very ugly things
  3 vampire knights
  9 stone giants
  A dire elephant (D:15)
  7 ettins
  2 spark wasps (Depths:1)
  A blizzard demon (Depths:3)
  4 mummy priests (Depths:3)
  A merfolk impaler (Depths:1)
  6 fire dragons
  7 great orbs of eyes
  Fannar (D:10)
  4 entropy weavers
  A yaktaur captain (Depths:3)
  3 ice dragons
  2 rakshasas
  3 hydras (D:15)
  2 centaur warriors
  A spriggan air mage (Depths:4)
  A ghost crab (shapeshifter) (Depths:3)
  4 deep troll shamans
  2 ogre magi
  A vampire mage (Depths:3)
  Urug (D:11)
  2 deep troll earth magi (Depths:3)
  A spriggan berserker (Depths:3)
  2 iron trolls (Depths:1)
  An unseen horror (D:10)
  4 deep trolls
  A giant orange brain (Depths:4)
  A necromancer (Depths:1)
  6 hill giants
  14 slime creatures
  A manticore (D:14)
  A sphinx zombie (Depths:1)
  A wolf spider (D:15)
  17 ugly things
  3 wizards
  A salamander (shapeshifter) (Depths:3)
  A stone giant zombie (Depths:1)
  A cyclops (D:12)
  An elephant (D:8)
  A rust devil (Depths:3)
  A frost giant skeleton (Depths:1)
  Joseph (D:10)
  3 molten gargoyles (Depths:2)
  A smoke demon (Depths:3)
  A kobold demonologist (D:11)
  12 yaktaurs
  An ice devil (Depths:3)
  A jumping spider (Depths:1)
  3 guardian mummies (Depths:3)
  2 red devils (Depths:3)
  4 two-headed ogres
  A polar bear (shapeshifter) (Depths:3)
  3 trolls
  3 wind drakes (Depths:2)
  Grinder (D:5)
  Sigmund (D:6)
  3 tarantellas
  2 spriggans (Depths:4)
  A vampire (D:13)
  6 air elementals
  6 water elementals
  A wraith (D:11)
  A deep troll skeleton (Depths:1)
  2 wyverns
  9 redbacks
  4 yaks
  A hippogriff (D:11)
  2 basilisks (D:15)
  3 vampire mosquitoes (D:14)
  3 hungry ghosts
  3 fire elementals (Depths:2)
  Edmund (D:6)
  Menkaure (D:5)
  A soldier ant (shapeshifter) (D:14)
  A giant eyeball (Depths:4)
  Duvessa (D:5)
  A giant eyeball (shapeshifter) (Depths:4)
  2 black bears (D:8)
  6 sky beasts
  2 wasps
  6 orc warriors
  5 ice beasts
  A phantom (D:8)
  14 ogres
  10 boggarts
  An eye of draining (D:14)
  14 centaurs
  2 crocodiles (D:8)
  3 earth elementals (Depths:2)
  A wyvern zombie (D:10)
  6 giant frogs
  Dowan (D:5)
  6 scorpions
  16 killer bees
  4 jellies
  16 wights
  3 howler monkeys
  2 quasits
  7 crimson imps
  A giant frog skeleton (D:10)
  5 hounds
  13 orc wizards
  A centaur zombie (D:11)
  Crazy Yiuf (D:2)
  8 orc priests
  3 centaur skeletons
  2 iron imps
  4 iguanas
  11 worker ants
  2 mummies (Depths:3)
  13 adders
  4 shadow imps
  A white imp (Depths:3)
  2 ufetubi (Depths:3)
  An ooze (D:7)
  An adder zombie (D:6)
  An adder skeleton (D:5)
  2 worms
  2 dart slugs
  4 giant geckos
  72 orcs
  2 ball pythons
  9 bats
  4 giant cockroaches
  7 goblins
  2 hobgoblins
  13 jackals
  A quokka (D:5)
  A giant cockroach zombie (D:5)
  5 giant newts
  8 kobolds
  7 rats
  3 fire vortices (Depths:2)
603 creatures vanquished.

Vanquished Creatures (others)
  A fire dragon (Depths:2)
  A boggart (Depths:3)
  A quokka (D:8)
3 creatures vanquished.

Grand Total: 606 creatures vanquished

Action                   |  1- 3 |  4- 6 |  7- 9 | 10-12 | 13-15 | 16-18 || total
-------------------------+-------+-------+-------+-------+-------+-------++-------
Melee: War axe           |   138 |    59 |       |       |       |       ||   197
       Hand axe          |       |    58 |   300 |   383 |       |       ||   741
       Punch             |       |       |     1 |     6 |       |       ||     7
       Executioner's axe |       |       |       |   188 |   463 |   350 ||  1001
       Kick              |       |       |       |     7 |    98 |       ||   105
Invok: Heroism           |       |     1 |     6 |    10 |    21 |    16 ||    54
       Finesse           |       |       |       |     5 |     8 |     6 ||    19
Evoke: Wand              |       |       |       |       |       |     1 ||     1
  Use: Potion            |     2 |       |     1 |     3 |     7 |     3 ||    16
       Scroll            |       |       |       |    11 |     9 |     6 ||    26
  Eat: Chunk             |     2 |     5 |     8 |    39 |    24 |     4 ||    82
       Meat ration       |       |       |       |     1 |     2 |     2 ||     5
       Royal jelly       |       |       |       |       |     1 |       ||     1
Armor: Scale mail        |    92 |    74 |    43 |       |       |       ||   209
       Plate armour      |       |       |    12 |   241 |   144 |       ||   397
       Ring mail         |       |       |    69 |    71 |       |       ||   140
       Crystal plate arm |       |       |       |       |   181 |   343 ||   524
Dodge: Dodged            |    89 |    61 |   109 |   258 |   141 |   134 ||   792
Block: Other             |       |       |       |    20 |    13 |       ||    33
       Reflection        |       |       |       |     1 |       |       ||     1

Vault maps used:
D:1:      nicolae_arrival_somewhat_less_tricky_arrival, kennysheep_flooded_box
D:2:      overflow_temple_1_default, uniq_crazy_yiuf_cottage
D:3:      nicolae_overflow_crystal_walls
D:4:      tgw_fedhas
D:5:      first_bread, led_sif_book, uniq_grinder, uniq_menkaure, uniq_duvessa
D:6:      grunt_temple_overflow_open, uniq_edmund, uniq_sigmund
D:7:      lemuel_coloured_pillars_altar, minmay_temple_entry_steel_oval,
          grunt_ogre_cave
D:8:      minmay_statue_hallways, elyvilon_altar_4, david_lair_generic,
          trog_ov_bears_minmay
D:9:      vehumet_altar_wand_db, orc_0_dummy, serial_shops, nicolae_shop_stone,
          shop
D:10:     serial_shops, shop, minmay_variable_closet, uniq_joseph, uniq_fannar
D:11:     special_room, minmay_misc_feat_four_crosses,
          kennysheep_generic_room_7, uniq_urug
D:12:     uniq_frances
D:13:     hangedman_vaults_entry_quadrant_bands, hangedman_decor_peaks_small,
          minivault_25_ag, uniq_sonja
D:14:     grunt_decor_mini_mirrors
D:15:     hangedman_depths_entry_try_elsewhere_first, hangedman_decor_riveting
Depths:1: grunt_hell_entry_dis_grunt, pan_entry, abyss_entry_crystal,
          minmay_misc_feat_encased, nrook_mini_backslash, minivault_14,
          kennysheep_generic_room_14
Depths:2: mu_elemental_laboratory, hell_entry, hangedman_abyss_or_decor_stabs,
          minmay_misc_feat_plants, minmay_staircase_windowed_large, uniq_jorgrun
Depths:3: ragdoll_tomb_raider, enter_ziggurat_f, enter_trove_1,
          kennysheep_decorative_pillar, hangedman_abyss_entry_splay,
          grunt_pan_entry_in_and_out, hell_entry, small_statue_intersection,
          eino_tiny_chamber, minmay_staircase_statues, uniq_nikola
Depths:4: kennysheep_bubble_arena, abyss_entry_flame_altar, hell_entry,
          tgw_lugonu_bribe, infiniplex_staircase_zigzag_1
Depths:5: grunt_zot_entry_gee_three, pf_hell_entry_tar_spiral, pan_entry,
          serial_bayou_shore_a
